[Event "Titled Tuesday Blitz April 4 Early 2023"]
[White "Mogirzan, Matei-Valeriu"]
[Black "ibove"]
[WhiteFideId "1257455"]
[WhiteElo "1733"]
[BlackElo "2315"]
[Result "0-1"]
[Round "05"]
[TimeControl "180+2"]
[Date "2023.04.04"]
[WhiteClock "0:00:13"]
[BlackClock "0:00:18"]

1. e3 g6 2. e4 Bg7 3. Nf3 d6 4. d4 Nf6 5. Nc3 O-O 6. Bd3 Nc6 7. e5 dxe5 8. dxe5 Ng4 9. Bf4 Ngxe5 10. Nxe5 Nxe5 11. Bxe5 Bxe5 12. h4 h5 13. Qd2 Bg7 14. O-O-O c6 15. Qe2 Qa5 16. Ne4 Qxa2 17. c3 Be6 18. Ng5 Bb3 19. Rde1 Rad8 20. g4 Qa1+ 21. Bb1 Ba2 22. Qe4 f5 23. gxf5 gxf5 24. Qc2 e5 25. Rhg1 Rf6 26. Nf3 e4 27. Rg5 exf3 28. Re7 Bxb1 29. Rgxg7+ Kf8 30. Qxb1 Rd1+ 31. Kxd1 Qxb1+ 32. Kd2 Qxb2+ 33. Kd3 Rd6+ 34. Kc4 Qa2+ 35. Kc5 Rd5+ 36. Kb4 Qa5+ 37. Kb3 Rb5+ 38. Kc2 Qa2+ 39. Kd3 Qd5+ 40. Ke3 Qc5+ 41. Kf4 Qxe7 42. Rxe7 Kxe7 43. Kg5 Ke6 44. Kxh5 Rc5 45. Kg6 Rxc3 46. h5 Rc2 47. h6 Rxf2 48. Kg5 Rh2 49. Kg6 f2 50. h7 f1=Q 51. Kg7 Qg2+ 52. Kf8 Rxh7 53. Ke8 Qg8# 0-1


[Site "https://www.chess.com"]

[Event "Titled Tuesday Blitz April 4 Early 2023"]
[White "Thecourseoisildur"]
[Black "Zampronha, Wladimir Camilo"]
[BlackFideId "2103087"]
[WhiteElo "2498"]
[BlackElo "2176"]
[Result "1-0"]
[Round "05"]
[TimeControl "180+2"]
[Date "2023.04.04"]
[WhiteClock "0:00:54"]
[BlackClock "0:00:12"]

1. e4 c5 2. Nf3 e6 3. d4 cxd4 4. Nxd4 Nc6 5. Nc3 Qc7 6. Be2 a6 7. O-O Nf6 8. Be3 Bb4 9. Nxc6 bxc6 10. Qd4 c5 11. Qc4 Bb7 12. a3 d5 13. exd5 exd5 14. Qb3 Bxc3 15. Qxc3 Rc8 16. Bg5 d4 17. Qh3 Ne4 18. Bh4 O-O 19. f3 Nd6 20. Bd3 f5 21. Rfe1 Rf7 22. b3 Bd5 23. Bg3 Rcf8 24. Re5 Bb7 25. Rae1 Kh8 26. Re6 Rd8 27. Bxf5 Bc8 28. Qxh7# 1-0


[Site "https://www.chess.com"]

[Event "Titled Tuesday Blitz April 4 Early 2023"]
[White "Theytookourjobs"]
[Black "Dushyant Sharma"]
[BlackFideId "25065130"]
[WhiteElo "2310"]
[BlackElo "2198"]
[Result "0-1"]
[Round "05"]
[TimeControl "180+2"]
[Date "2023.04.04"]
[WhiteClock "0:00:33"]
[BlackClock "0:02:03"]

1. d4 d5 2. Bf4 e6 3. Nf3 Bd6 4. Ne5 f5 5. e3 Nf6 6. Nd2 O-O 7. Be2 c5 8. c3 Nc6 9. g4 Qc7 10. g5 Ne4 11. Nxe4 fxe4 12. Nxc6 Bxf4 13. exf4 bxc6 14. dxc5 Qxf4 15. Qd4 Qxg5 16. h4 Qf4 17. O-O e5 18. Qe3 Qxh4 0-1


[Site "https://www.chess.com"]

[Event "Titled Tuesday Blitz April 4 Early 2023"]
[White "Yu, Jason"]
[Black "Fuzesabonyilaci"]
[WhiteFideId "30907624"]
[WhiteElo "2491"]
[BlackElo "2308"]
[Result "1-0"]
[Round "05"]
[TimeControl "180+2"]
[Date "2023.04.04"]
[WhiteClock "0:01:08"]
[BlackClock "0:00:27"]

1. e4 c6 2. d4 d5 3. Nd2 dxe4 4. Nxe4 Nf6 5. Nxf6+ exf6 6. b3 Bd6 7. Bb2 O-O 8. Bd3 Re8+ 9. Ne2 Qc7 10. g3 Bg4 11. O-O Bf3 12. Qd2 Qd7 13. Rfe1 Qh3 14. Nf4 Rxe1+ 15. Rxe1 Qd7 16. Qe3 Bg4 17. Qe8+ Bf8 18. Ba3 Qc8 19. Bxf8 Nd7 20. Qxc8 Rxc8 21. Ba3 g5 22. Ng2 Nb6 23. Ne3 Bf3 24. Nf5 Rd8 25. Be4 Bh5 26. Be7 Re8 27. Bxf6 Bg6 28. Re3 Nd7 29. Ne7+ Kf8 30. Nxg6+ hxg6 31. Bxg5 Kg7 32. Bd3 Rh8 33. Re7 1-0


[Site "https://www.chess.com"]

[Event "Titled Tuesday Blitz April 4 Early 2023"]
[White "Jaskolka, Tomasz"]
[Black "Kalajzic, Ivan"]
[WhiteFideId "1170791"]
[BlackFideId "14506378"]
[WhiteElo "2155"]
[BlackElo "2203"]
[Result "1-0"]
[Round "05"]
[TimeControl "180+2"]
[Date "2023.04.04"]
[WhiteClock "0:00:27"]
[BlackClock "0:00:08"]

1. e4 c6 2. Nf3 d5 3. Nc3 Bg4 4. Be2 e6 5. O-O Nf6 6. e5 Nfd7 7. d4 Be7 8. h3 Bh5 9. a3 c5 10. dxc5 Bxf3 11. Bxf3 Nxe5 12. b4 Nxf3+ 13. Qxf3 Bf6 14. Bb2 O-O 15. Rad1 Nc6 16. Na4 Bxb2 17. Nxb2 a5 18. b5 Ne7 19. c4 Qc7 20. cxd5 Nxd5 21. Nd3 Rfd8 22. Rc1 Nf6 23. Rfd1 Rd5 24. Nf4 Rxc5 25. Rxc5 Qxc5 26. Qxb7 Re8 27. a4 Qc2 28. Rd6 Ne4 29. Qc6 Qxf2+ 30. Kh1 Nxd6 31. Qxd6 e5 32. Nd5 e4 33. Qd7 Rf8 34. Qe7 Qf5 35. Qd6 Qf1+ 36. Kh2 h5 37. b6 Qb1 38. Qc5 h4 39. Ne7+ 1-0


[Site "https://www.chess.com"]

[Event "Titled Tuesday Blitz April 4 Early 2023"]
[White "Shapiro, Viktor"]
[Black "Kohler, Aran"]
[WhiteFideId "4175700"]
[BlackFideId "1002856"]
[WhiteElo "2152"]
[BlackElo "2299"]
[Result "1-0"]
[Round "05"]
[TimeControl "180+2"]
[Date "2023.04.04"]
[WhiteClock "0:00:28"]
[BlackClock "0:00:03"]

1. c4 e5 2. Nc3 Nf6 3. g3 c6 4. Bg2 d5 5. cxd5 cxd5 6. Qb3 d4 7. Bxb7 Bxb7 8. Qxb7 Nbd7 9. Nd5 Nxd5 10. Qxd5 Rc8 11. Nf3 Rc5 12. Qb3 Bd6 13. O-O O-O 14. d3 Qc7 15. Bd2 Rb8 16. Qa4 Rxb2 17. Rfc1 Rbc2 18. Rxc2 Rxc2 19. Ba5 Qc6 20. Qxc6 Rxc6 21. Kf1 f6 22. Nd2 Rb6 23. Bxb6 Nxb6 24. Nc4 Bc5 25. Nxb6 axb6 26. a4 Bb4 27. e3 dxe3 28. fxe3 Kf7 29. Ke2 Ke6 30. Kd1 Kd5 31. Kc2 Ba5 32. g4 g6 33. Rf1 Ke6 34. e4 Bb4 35. Kb3 Bc5 36. Kc4 Bd4 37. h3 Ke7 38. Kd5 Be3 39. Rh1 Kd7 40. Rh2 Ke7 41. Rc2 Kd7 42. Rc6 1-0


[Site "https://www.chess.com"]

[Event "Titled Tuesday Blitz April 4 Early 2023"]
[White "Romero Pallares, Daniel"]
[Black "Rose, Felix"]
[WhiteFideId "32025637"]
[BlackFideId "5105722"]
[WhiteElo "2195"]
[BlackElo "2039"]
[Result "1-0"]
[Round "05"]
[TimeControl "180+2"]
[Date "2023.04.04"]
[WhiteClock "0:00:38"]
[BlackClock "0:00:02"]

1. e4 e5 2. Nf3 Nc6 3. d4 exd4 4. Bc4 Nf6 5. e5 d5 6. Bb5 Ne4 7. Nxd4 Bc5 8. Be3 O-O 9. Nxc6 bxc6 10. Bxc5 Nxc5 11. Bxc6 Ba6 12. Nc3 d4 13. Bxa8 Qxa8 14. Qxd4 Ne6 15. Qa4 Qxg2 16. O-O-O Bb7 17. Qxa7 Qg5+ 18. Qe3 Qxe3+ 19. fxe3 Bxh1 20. Rxh1 Rd8 21. Rd1 Rb8 22. a4 Kf8 23. b3 Ke7 24. Kb2 c6 25. Ka3 Nc7 26. Rd6 c5 27. Rc6 Ne6 28. Nd5+ Kd7 29. Rd6+ Kc8 30. a5 g6 31. c3 h5 32. b4 cxb4+ 33. cxb4 Ra8 34. Ka4 g5 35. b5 g4 36. b6 h4 37. Kb5 g3 38. Ne7+ 1-0


[Site "https://www.chess.com"]

[Event "Titled Tuesday Blitz April 4 Early 2023"]
[White "Orujov2008"]
[Black "Dudzinski, Pawel"]
[BlackFideId "1117890"]
[WhiteElo "2283"]
[BlackElo "2099"]
[Result "0-1"]
[Round "05"]
[TimeControl "180+2"]
[Date "2023.04.04"]
[WhiteClock "0:00:12"]
[BlackClock "0:00:28"]

1. e4 c6 2. d4 d5 3. Nc3 g6 4. Nf3 Bg7 5. exd5 cxd5 6. Bb5+ Bd7 7. Bd3 Nc6 8. Be3 Nf6 9. O-O O-O 10. h3 Bf5 11. Bxf5 gxf5 12. Ne2 e6 13. c3 Ne4 14. Nd2 Kh8 15. f3 Nxd2 16. Qxd2 Rg8 17. Bh6 Qf6 18. Bxg7+ Rxg7 19. Rf2 Rag8 20. Nf4 Qh4 21. b3 Ne7 22. c4 dxc4 23. bxc4 Ng6 24. Nxg6+ Rxg6 25. d5 Qxh3 26. d6 Qh4 27. Rd1 Qxc4 28. d7 Rd8 29. Qb2+ f6 30. Qxb7 Rg7 31. Qxa7 Qc6 32. Rfd2 Re7 33. Qd4 Kg7 34. Kh1 e5 35. Qd6 Qxd6 36. Rxd6 Kf7 37. a4 Re6 38. R6d5 Ra6 39. a5 Ke7 40. Kh2 Ra7 41. Ra1 Rdxd7 42. Rxd7+ Kxd7 43. Kh3 Kc6 44. Kh4 Kb5 45. Kh5 Rxa5 46. Rb1+ Kc5 47. Rb7 Ra2 48. g3 e4 49. fxe4 fxe4 50. Kg4 Rf2 51. Rxh7 e3 52. Re7 e2 53. Kh3 Kd4 54. g4 Kd3 55. Kg3 Rf1 56. Rd7+ Kc4 0-1


[Site "https://www.chess.com"]

[Event "Titled Tuesday Blitz April 4 Early 2023"]
[White "Bettalli, Francesco"]
[Black "Levitan, Caleb Levi"]
[WhiteFideId "2816453"]
[BlackFideId "14332620"]
[WhiteElo "2216"]
[BlackElo "1963"]
[Result "1-0"]
[Round "05"]
[TimeControl "180+2"]
[Date "2023.04.04"]
[WhiteClock "0:00:59"]
[BlackClock "0:00:04"]

1. d4 d5 2. Nc3 Nf6 3. Bf4 c5 4. e3 a6 5. dxc5 Nc6 6. a3 Bf5 7. b4 e6 8. Nf3 Be7 9. Bd3 Bxd3 10. cxd3 O-O 11. d4 Nh5 12. Bg3 f5 13. Be5 Bf6 14. Bxf6 Qxf6 15. Rc1 f4 16. O-O Qh6 17. e4 Nf6 18. exd5 exd5 19. Qb3 Rad8 20. Rfe1 g5 21. Re6 g4 22. Nxd5 gxf3 23. Nxf6+ Kh8 24. Ng4 Qg7 25. gxf3 Nxd4 26. Qc4 Nxf3+ 27. Kh1 Qxg4 28. Re7 Nd2 29. Qc3+ Kg8 30. Rg1 Qxg1+ 31. Kxg1 f3 32. Qg7# 1-0


[Site "https://www.chess.com"]

[Event "Titled Tuesday Blitz April 4 Early 2023"]
[White "Makhmudov, Shukhrat"]
[Black "Erzhanov, Arman"]
[WhiteFideId "14200775"]
[BlackFideId "4138821"]
[WhiteElo "2135"]
[BlackElo "2138"]
[Result "1-0"]
[Round "05"]
[TimeControl "180+2"]
[Date "2023.04.04"]
[WhiteClock "0:01:51"]
[BlackClock "0:02:12"]

1. e4 d5 2. exd5 Qxd5 3. d4 Qe5+ 4. dxe5 Nc6 5. Bb5 Bd7 6. e6 Bxe6 7. Bxc6+ bxc6 8. Nc3 Nf6 9. Nf3 g6 10. Bf4 Rc8 11. Qd4 Bg7 12. Qxa7 O-O 13. Bxc7 Bc4 14. Be5 Ra8 15. Qc5 Nd7 16. Qxc4 Nxe5 17. Nxe5 Bxe5 18. O-O Rab8 19. b3 Bg7 20. Rfe1 e6 21. Rad1 c5 22. a4 Rfc8 23. Nb5 1-0


[Site "https://www.chess.com"]

[Event "Titled Tuesday Blitz April 4 Early 2023"]
[White "Zaichenko, Daria"]
[Black "Terletsky, Oleg"]
[WhiteFideId "4197453"]
[BlackFideId "14116774"]
[WhiteElo "2039"]
[BlackElo "2084"]
[Result "0-1"]
[Round "05"]
[TimeControl "180+2"]
[Date "2023.04.04"]
[WhiteClock "0:00:01"]
[BlackClock "0:00:11"]

1. e4 e5 2. Nf3 Nc6 3. Bc4 Nf6 4. d3 h6 5. c3 d6 6. Bb3 g6 7. O-O Bg7 8. Nbd2 O-O 9. d4 Nh5 10. Nc4 exd4 11. cxd4 Bg4 12. d5 Nd4 13. Be3 Nxf3+ 14. gxf3 Bh3 15. Re1 Qh4 16. Kh1 b5 17. Nd2 Be5 18. Rg1 Bxh2 19. Bxh6 Be5 20. Bg5 Bg2+ 21. Kxg2 Qxg5+ 22. Kf1 Qh4 23. f4 Qh3+ 24. Ke1 Nxf4 25. Qf3 Nd3+ 26. Ke2 Qxf3+ 27. Nxf3 Nxb2 28. Nxe5 dxe5 29. Rac1 Rac8 30. d6 cxd6 31. Rxg6+ Kh7 32. Rxc8 Rxc8 33. Rxd6 Rc7 34. Rd5 Rb7 35. Rxe5 a5 36. Bd5 Rc7 37. Rf5 Kg7 38. Rg5+ Kf6 39. Rf5+ Kg6 40. f4 a4 41. Rg5+ Kf6 42. e5+ Ke7 43. Rg7 Kf8 44. Rh7 Re7 45. Ke3 b4 46. Kd4 Rd7 47. f5 Nd3 48. f6 Kg8 49. Rh4 b3 50. axb3 a3 51. Rg4+ Kf8 52. Rh4 Kg8 53. Rg4+ Kh7 54. Rg7+ Kh6 55. Rxf7 Rxf7 56. Bxf7 a2 0-1


[Site "https://www.chess.com"]

[Event "Titled Tuesday Blitz April 4 Early 2023"]
[White "KorolDimitriy75"]
[Black "Antonio, Jorge Carlos"]
[BlackFideId "113190"]
[WhiteElo "2455"]
[BlackElo "2247"]
[Result "0-1"]
[Round "05"]
[TimeControl "180+2"]
[Date "2023.04.04"]
[WhiteClock "0:00:02"]
[BlackClock "0:00:32"]

1. d4 d5 2. c4 c6 3. Nc3 dxc4 4. a4 e6 5. e4 Bb4 6. Bxc4 Nf6 7. e5 Nd5 8. Qb3 c5 9. dxc5 Nc6 10. Nf3 Na5 11. Bb5+ Bd7 12. Qc2 Nxc3 13. bxc3 Bxc5 14. O-O a6 15. Bd3 Bc6 16. Be4 Qc7 17. Bf4 Rd8 18. Rfd1 h6 19. Rxd8+ Qxd8 20. Rd1 Qc7 21. h3 O-O 22. Bxc6 Qxc6 23. Qd2 Nc4 24. Qe2 Qxa4 25. Kh2 b5 26. Re1 Rd8 27. Qe4 Nb6 0-1


[Site "https://www.chess.com"]

[Event "Titled Tuesday Blitz April 4 Early 2023"]
[White "Moral Garcia, Serafin"]
[Black "Alberto, Manuel"]
[WhiteFideId "2201925"]
[BlackFideId "10100148"]
[WhiteElo "2274"]
[BlackElo "2166"]
[Result "1/2-1/2"]
[Round "05"]
[TimeControl "180+2"]
[Date "2023.04.04"]
[WhiteClock "0:00:41"]
[BlackClock "0:00:47"]

1. c4 Nf6 2. Nc3 c5 3. g3 e6 4. Bg2 Nc6 5. a3 Be7 6. e3 O-O 7. Nge2 d5 8. cxd5 exd5 9. d4 cxd4 10. Nxd4 Nxd4 11. Qxd4 Be6 12. O-O Qa5 13. Bd2 Qa6 14. Rfd1 Rfd8 15. Qa4 Qxa4 16. Nxa4 Rac8 17. Rac1 b6 18. Nc3 d4 19. exd4 Rxd4 20. Be3 Rxd1+ 21. Rxd1 Bb3 22. Rd2 h6 23. Bd4 Bc5 24. Kf1 Rd8 25. Be3 Bc4+ 26. Ke1 Re8 27. Nd1 a5 28. h3 Ne4 29. Bxe4 Rxe4 30. Rd8+ Kh7 31. Kd2 Be7 32. Rd4 Rxd4+ 33. Bxd4 b5 34. Ne3 Be6 35. h4 b4 36. axb4 axb4 37. Kd3 g5 38. hxg5 hxg5 39. Bb6 Kg6 40. g4 Bf6 41. Bd4 Be7 42. Kc2 Bd6 43. b3 Bf4 44. Bc5 Bxe3 45. fxe3 Bxg4 46. Bxb4 Be2 47. Bd6 Kf5 48. Kd2 Bb5 49. Kc3 Ke4 50. Kd2 f5 51. b4 f4 52. exf4 gxf4 53. Bxf4 Kxf4 54. Kc3 Ke4 55. Kb3 Kd3 56. Ka3 Kc2 57. Ka2 Kc3 58. Ka3 Bc6 59. b5 Bxb5 1/2-1/2


[Site "https://www.chess.com"]

[Event "Titled Tuesday Blitz April 4 Early 2023"]
[White "Okike, David"]
[Black "De Souza, Cristiano Gomes"]
[WhiteFideId "8500134"]
[BlackFideId "2151758"]
[WhiteElo "2232"]
[BlackElo "2068"]
[Result "0-1"]
[Round "05"]
[TimeControl "180+2"]
[Date "2023.04.04"]
[WhiteClock "0:00:01"]
[BlackClock "0:00:19"]

1. e4 c5 2. Nf3 d6 3. d4 cxd4 4. Nxd4 Nf6 5. Nc3 g6 6. Be3 Bg7 7. f3 O-O 8. Qd2 Nc6 9. Bc4 Bd7 10. O-O-O Rc8 11. Bb3 Ne5 12. Kb1 h5 13. h3 Nc4 14. Bxc4 Rxc4 15. Rhe1 Re8 16. g4 Qa5 17. g5 Nh7 18. h4 Rec8 19. Nb3 Bxc3 20. Nxa5 Bxd2 21. Rxd2 Ra4 22. Nb3 Be6 23. Rd4 Bxb3 24. cxb3 Rxd4 25. Bxd4 a6 26. a4 Nf8 27. Rc1 Rxc1+ 28. Kxc1 Ne6 29. Be3 f6 30. f4 fxg5 31. fxg5 Kf7 32. b4 Nd8 33. Kc2 Ke6 34. Bd4 Nc6 35. Bc3 d5 36. Kd3 dxe4+ 37. Kxe4 Nd8 38. Bd4 Nf7 39. Bc5 Nd6+ 40. Kf4 Nc4 41. Bd4 b5 42. a5 Kd5 43. Bc3 e5+ 44. Kf3 Nd6 45. Be1 Nf5 46. Ke2 Kd4 47. Bc3+ Ke4 48. Be1 Kf4 49. Kd3 e4+ 50. Kc3 Kg4 51. b3 Nxh4 52. Kd4 Nf3+ 53. Kc5 Nxe1 54. Kb6 e3 55. Kxa6 Nd3 56. Kxb5 e2 57. a6 Nxb4 58. a7 e1=Q 59. a8=Q Nc2 60. Qc8+ Kxg5 61. Qxc2 Qe5+ 62. Kc6 Qf5 63. Qg2+ Kf4 64. Qd2+ Kg4 65. Qg2+ Kh4 66. Qh2+ Qh3 67. Qf4+ Qg4 68. Qh2+ Kg5 69. Qe5+ Qf5 70. Qg3+ Kf6 71. Qh4+ Kg7 72. Qe7+ Kh6 73. b4 Qf3+ 74. Kc7 Qc3+ 75. Kd7 Qd4+ 76. Kc7 h4 77. b5 h3 78. b6 h2 79. Qf8+ Kg5 80. Qe7+ Kg4 81. Qe6+ Kf3 82. Qf7+ Qf4+ 83. Qxf4+ Kxf4 84. b7 h1=Q 85. b8=Q Qe4 86. Qg8 g5 87. Qf7+ Qf5 88. Qh5 g4 89. Qh6+ Kf3 90. Qh1+ Kf4 91. Qc1+ Ke5 92. Qc3+ Ke4 93. Qc2+ Kf4 94. Qd2+ Kg3 0-1


[Site "https://www.chess.com"]

[Event "Titled Tuesday Blitz April 4 Early 2023"]
[White "Harriott, Tyrell"]
[Black "Nugumanov, Bakhtiyar"]
[WhiteFideId "2086484"]
[BlackFideId "13701797"]
[WhiteElo "2107"]
[BlackElo "2209"]
[Result "1-0"]
[Round "05"]
[TimeControl "180+2"]
[Date "2023.04.04"]
[WhiteClock "0:00:40"]
[BlackClock "0:00:04"]

1. d4 e6 2. e3 c5 3. c3 Nf6 4. Bd3 d5 5. f4 Be7 6. Nf3 O-O 7. O-O Ne4 8. Nbd2 f5 9. Ne5 Nd7 10. g4 Nxe5 11. fxe5 Bg5 12. Qe2 Bd7 13. gxf5 exf5 14. Nf3 Qe7 15. Kh1 Rae8 16. Rg1 Bh6 17. Bd2 f4 18. exf4 Nxd2 19. Nxd2 Rxf4 20. Rg3 cxd4 21. cxd4 Rxd4 22. Nf3 Rf4 23. Rag1 d4 24. Be4 Bc6 25. Qc4+ Qf7 26. Qxf7+ Kxf7 27. Bxc6 bxc6 28. Ng5+ Bxg5 29. Rxg5 g6 30. Rc1 Re6 31. Rc5 d3 32. Rg1 Rd4 33. Rd1 Ke7 34. Kg2 Kd7 35. Kf3 Kc7 36. a3 Kb6 37. b4 a5 38. Rxa5 Re7 39. Ke3 Red7 40. Rd2 R4d5 41. e6 R7d6 42. Rxd5 Rxe6+ 43. Kd4 cxd5 44. Kxd5 1-0


[Site "https://www.chess.com"]

[Event "Titled Tuesday Blitz April 4 Early 2023"]
[White "Goncalves, Davi Sulzbacher"]
[Black "Blokhin, Sofia"]
[WhiteFideId "2154510"]
[BlackFideId "4508190"]
[WhiteElo "2182"]
[BlackElo "1994"]
[Result "1-0"]
[Round "05"]
[TimeControl "180+2"]
[Date "2023.04.04"]
[WhiteClock "0:01:15"]
[BlackClock "0:01:07"]

1. d4 g6 2. e4 Bg7 3. f4 d6 4. Nf3 Nf6 5. Bd3 c6 6. O-O O-O 7. c4 a6 8. Nc3 b5 9. e5 dxe5 10. fxe5 Ne8 11. c5 Bg4 12. Be3 Nc7 13. Be4 Nd5 14. Bf2 f5 15. exf6 exf6 16. Qb3 Be6 17. Bxd5 cxd5 18. Rfe1 Bf7 19. a4 bxa4 20. Qb7 Nd7 21. c6 Nb6 22. c7 Qd6 23. Bg3 Qb4 24. Nxa4 Ra7 25. Qxb6 Qxb6 26. Nxb6 Rb7 27. c8=Q Rxc8 28. Nxc8 Rxb2 29. Nd6 1-0


[Site "https://www.chess.com"]

[Event "Titled Tuesday Blitz April 4 Early 2023"]
[White "Deuer, Marius"]
[Black "Putri, Regita Desyari"]
[WhiteFideId "16236432"]
[BlackFideId "7109083"]
[WhiteElo "2163"]
[BlackElo "1930"]
[Result "1-0"]
[Round "05"]
[TimeControl "180+2"]
[Date "2023.04.04"]
[WhiteClock "0:00:42"]
[BlackClock "0:00:02"]

1. b3 Nf6 2. Bb2 d5 3. Nf3 g6 4. e3 Bg7 5. c4 O-O 6. cxd5 Qxd5 7. Nc3 Qd6 8. d4 a6 9. Be2 Nc6 10. O-O Bf5 11. Nd2 e5 12. Nc4 Qd7 13. dxe5 Qxd1 14. Raxd1 Ng4 15. Bxg4 Bxg4 16. f3 Be6 17. f4 Rad8 18. Ne4 Bxc4 19. bxc4 Na5 20. Rc1 b6 21. c5 b5 22. g4 Nc4 23. Bd4 Rfe8 24. h4 h6 25. Kf2 Rd5 26. h5 Kh8 27. hxg6 fxg6 28. Rh1 g5 29. Nxg5 Kg8 30. Nf3 c6 31. g5 hxg5 32. Nxg5 Bf8 33. Ne4 Bg7 34. Nd6 Nxd6 35. cxd6 Kf7 36. Rxc6 Rg8 37. Rc7+ Ke6 38. Rg1 Bxe5 39. fxe5 Rxg1 40. Kxg1 1-0


[Site "https://www.chess.com"]

[Event "Titled Tuesday Blitz April 4 Early 2023"]
[White "Arcos Facio, Mateo"]
[Black "Leve, Nitai"]
[WhiteFideId "3001199"]
[BlackFideId "2006898"]
[WhiteElo "2156"]
[BlackElo "2144"]
[Result "1-0"]
[Round "05"]
[TimeControl "180+2"]
[Date "2023.04.04"]
[WhiteClock "0:01:18"]
[BlackClock "0:00:34"]

1. e4 Nf6 2. e5 Nd5 3. c4 Nb6 4. d4 d6 5. exd6 cxd6 6. Nc3 g6 7. Be3 Bg7 8. Rc1 O-O 9. h3 Nc6 10. Nf3 Bf5 11. Be2 d5 12. c5 Nc4 13. Bxc4 dxc4 14. d5 Nb4 15. O-O Nd3 16. Nd4 Nxc1 17. Nxf5 Nd3 18. Nxg7 Kxg7 19. Qg4 Nxb2 20. Rb1 Qa5 21. Qd4+ f6 22. Rxb2 Rfd8 23. Rxb7 Kf7 24. Qxc4 Rac8 25. d6+ Kg7 26. Rxe7+ Kh8 27. Qf7 1-0


[Site "https://www.chess.com"]

[Event "Titled Tuesday Blitz April 4 Early 2023"]
[White "Kopczynski, Michal"]
[Black "Larina, Maria"]
[WhiteFideId "1124200"]
[BlackFideId "24113182"]
[WhiteElo "2212"]
[BlackElo "1848"]
[Result "1-0"]
[Round "05"]
[TimeControl "180+2"]
[Date "2023.04.04"]
[WhiteClock "0:01:22"]
[BlackClock "0:00:33"]

1. e4 c6 2. d4 d5 3. e5 Bf5 4. g4 Bd7 5. f4 e6 6. Nf3 c5 7. Be3 cxd4 8. Nxd4 Nc6 9. Nb3 Be7 10. g5 f6 11. gxf6 gxf6 12. Qh5+ Kf8 13. Nc3 Be8 14. Qh3 f5 15. O-O-O Bf7 16. Be2 a5 17. Bh5 Qe8 18. Bxf7 Qxf7 19. Rhg1 h5 20. Nb5 Rc8 21. Bc5 a4 22. Bxe7+ Ngxe7 23. Nd6 Qh7 24. Nc5 Qh6 25. Nd7# 1-0


[Site "https://www.chess.com"]

[Event "Titled Tuesday Blitz April 4 Early 2023"]
[White "Barria Santos, Jose Guilherme"]
[Black "Gatterer, Florian"]
[WhiteFideId "1939300"]
[BlackFideId "811688"]
[WhiteElo "2266"]
[BlackElo "2221"]
[Result "0-1"]
[Round "05"]
[TimeControl "180+2"]
[Date "2023.04.04"]
[WhiteClock "0:00:12"]
[BlackClock "0:00:39"]

1. e4 c5 2. Nf3 e6 3. d4 cxd4 4. Nxd4 Nf6 5. Nc3 Nc6 6. Ndb5 Bc5 7. Nd6+ Ke7 8. Nc4 d5 9. exd5 exd5 10. Nd2 Ng4 11. Nf3 Bxf2+ 12. Ke2 Re8 13. Qxd5 Kf8+ 14. Kd1 Be6 15. Qxd8 Raxd8+ 16. Bd2 Bf5 17. Kc1 Ne3 18. Bxe3 Bxe3+ 19. Kb1 Nb4 20. Ne1 Nxc2 21. Nxc2 Rd2 22. a3 Rxc2 23. Ka2 Be6+ 24. Kb1 Rc1# 0-1


[Site "https://www.chess.com"]

[Event "Titled Tuesday Blitz April 4 Early 2023"]
[White "Samarth, J Rao"]
[Black "ArtemDyachuk"]
[WhiteFideId "46652370"]
[WhiteElo "1564"]
[BlackElo "2403"]
[Result "0-1"]
[Round "05"]
[TimeControl "180+2"]
[Date "2023.04.04"]
[WhiteClock "0:00:02"]
[BlackClock "0:00:26"]

1. c4 e5 2. Nc3 Nf6 3. Nf3 Nc6 4. e3 d5 5. cxd5 Nxd5 6. Bb5 Nxc3 7. bxc3 Bd6 8. d4 exd4 9. cxd4 O-O 10. O-O Bg4 11. h3 Bh5 12. Be2 Nb4 13. a3 Nd5 14. Qb3 b6 15. e4 Nf4 16. Bc4 g5 17. e5 Be7 18. Bxf4 gxf4 19. Rad1 Kh8 20. Bd5 Rc8 21. Bc6 Rg8 22. a4 Rg6 23. Be4 Rg7 24. d5 Qg8 25. Nd4 Bc5 26. Nf5 Rg5 27. Rd3 f3 28. g3 Rxg3+ 29. Kh2 Rg2+ 30. Kh1 Bxf2 31. Bxf3 Rg1+ 32. Kh2 Rxf1 33. Bxh5 Qg1# 0-1


[Site "https://www.chess.com"]

[Event "Titled Tuesday Blitz April 4 Early 2023"]
[White "Hoffmann, Asa"]
[Black "Yonal, Timur"]
[WhiteFideId "2001470"]
[BlackFideId "44115725"]
[WhiteElo "2117"]
[BlackElo "1966"]
[Result "0-1"]
[Round "05"]
[TimeControl "180+2"]
[Date "2023.04.04"]
[WhiteClock "0:00:39"]
[BlackClock "0:00:55"]

1. d4 d5 2. Bg5 f6 3. Bf4 c5 4. e3 Nc6 5. Nf3 Be6 6. Nc3 Bf7 7. Be2 g5 8. Bg3 h5 9. h4 g4 10. Nh2 cxd4 11. exd4 e5 12. Bb5 Bg7 13. O-O Nh6 14. Re1 O-O 15. Bxc6 bxc6 16. Qd2 Nf5 17. Nf1 Nxd4 18. Rad1 Nf5 19. Qe2 Qb6 20. b3 Bh6 21. Na4 Qa5 22. Qd3 Bg6 23. Qc3 Qxc3 24. Nxc3 Nd4 25. Rxd4 exd4 26. Na4 Rfe8 27. Rd1 Bxc2 28. Rxd4 Re1 29. Nc5 Bd1 30. f3 Be3+ 31. Kh2 Rxf1 32. Rd3 Bxc5 33. fxg4 hxg4 34. Rc3 Bg1+ 35. Kh1 Bd4+ 36. Kh2 Bxc3 0-1


[Site "https://www.chess.com"]

[Event "Titled Tuesday Blitz April 4 Early 2023"]
[White "Winkels, Marcel"]
[Black "Toktomushev, Teimur"]
[WhiteFideId "1003887"]
[BlackFideId "14176726"]
[WhiteElo "1900"]
[BlackElo "2116"]
[Result "1/2-1/2"]
[Round "05"]
[TimeControl "180+2"]
[Date "2023.04.04"]
[WhiteClock "0:00:08"]
[BlackClock "0:00:06"]

1. d4 d5 2. Nc3 Nf6 3. Bf4 e6 4. Nb5 Na6 5. e3 c6 6. Nc3 Nc7 7. Nf3 Bd6 8. Ne5 O-O 9. g4 c5 10. Qf3 Nd7 11. Qh3 Bxe5 12. dxe5 d4 13. Bd3 g6 14. Ne4 Nd5 15. Ng5 h5 16. gxh5 Kg7 17. hxg6 Rh8 18. Qg4 dxe3 19. Nxf7 exf2+ 20. Kxf2 Qh4+ 21. Qxh4 Rxh4 22. Bg3 Rh5 23. Rae1 b6 24. Nd6 Ne7 25. Ne8+ Kf8 26. Nf6 Bb7 27. Nxh5 Bxh1 28. Rxh1 Kg8 29. Nf6+ Kf8 30. Nxd7+ Kg7 31. Nf6 Rd8 32. b3 b5 33. h4 c4 34. bxc4 bxc4 35. Bxc4 Rd2+ 36. Ke3 Rxc2 37. h5 Rxc4 38. h6+ Kxg6 39. h7 Nf5+ 40. Kf2 Rc2+ 41. Kf3 Rc3+ 42. Kf2 Rc2+ 43. Ke1 Rc1+ 44. Kf2 Rxh1 45. Bf4 Rxh7 46. Nxh7 Kxh7 47. Be3 a6 48. Bc5 Kg6 49. Kf3 Ng7 50. Ke4 Nh5 51. Kd4 Kf5 52. Bd6 Nf4 53. Kc5 Nd3+ 54. Kb6 Nxe5 55. Kxa6 Nc4 56. Bb8 e5 57. Kb5 Na3+ 58. Kb4 Nc2+ 59. Kb3 Nd4+ 60. Kc4 Nc6 61. Bc7 e4 62. a4 e3 63. Bg3 Ke4 64. Kb5 Nd4+ 65. Kb6 Nb3 66. a5 Nxa5 67. Kxa5 Kf3 68. Bh4 Ke2 69. Kb4 Kd1 70. Kc3 e2 71. Kd3 e1=Q 72. Bxe1 1/2-1/2


[Site "https://www.chess.com"]

[Event "Titled Tuesday Blitz April 4 Early 2023"]
[White "Krzywda, Andrzej"]
[Black "Necula, Iulian"]
[WhiteFideId "1114565"]
[BlackFideId "1232380"]
[WhiteElo "2155"]
[BlackElo "1790"]
[Result "1-0"]
[Round "05"]
[TimeControl "180+2"]
[Date "2023.04.04"]
[WhiteClock "0:00:31"]
[BlackClock "0:00:23"]

1. d4 d6 2. c4 f5 3. g3 Nf6 4. Bg2 g6 5. Nf3 Bg7 6. O-O O-O 7. Nc3 Qe8 8. d5 Na6 9. Re1 Nc5 10. Rb1 a5 11. Nb5 Qd8 12. b3 e5 13. dxe6 Bxe6 14. Ng5 Bf7 15. Nxf7 Rxf7 16. Bb2 Nfe4 17. Bxg7 Rxg7 18. Qc2 Qf6 19. Rbd1 Rd8 20. Rc1 g5 21. a3 f4 22. Bxe4 Nxe4 23. Qxe4 fxg3 24. hxg3 Rf7 25. Rf1 Rdf8 26. Qxb7 Qb2 27. Qd5 c6 28. Qxc6 Rxf2 29. Qd5+ Kh8 30. Qd4+ Qxd4 31. Nxd4 Rxf1+ 32. Rxf1 Re8 33. Rf5 h6 34. Rxa5 Re3 35. Kf2 Rc3 36. Rd5 1-0


[Site "https://www.chess.com"]